 Dungeon Crawl Stone Soup version 0.22-a0-558-gc224181 (webtiles) character file.

34441 Firecrotchwizard the Warrior (level 13, 0/126 (127) HPs)
             Began as a Minotaur Gladiator on June 26, 2018.
             Was a High Priest of Makhleb.
             Slain by an entropy weaver (13 damage)
             ... on level 5 of the Lair of Beasts.
             The game lasted 00:30:05 (16374 turns).

Firecrotchwizard the Warrior (Minotaur Gladiator)  Turns: 16374, Time: 00:30:05

HP:   0/126 (127)   AC:  3    Str: 23    XL:     13   Next: 42%
MP:   19/19         EV: 13    Int:  5    God:    Makhleb [*****.]
Gold: 1083          SH:  0    Dex: 17    Spells: 12/12 levels left

rFire    . . .     SeeInvis .   R - +0 battleaxe (venom)
rCold    + . .     Gourm    .   (shield currently unavailable)
rNeg     . . .     Faith    .   u - +0 plate armour
rPois    .         Spirit   .   c - +2 hat
rElec    .         Reflect  .   E - +2 cloak
rCorr    .         Harm     .   F - +0 pair of gloves (curse)
MR       .....                  e - +0 pair of boots
Stlth    ..........             (no amulet)
HPRegen  0.31/turn              M - ring "Saclaun" {rC+ Str+4 Slay+5}
MPRegen  0.16/turn              G - +3 ring of evasion

@: lethally poisoned (0 -> -20), corroded, drained
A: retaliatory headbutt, horns 2
a: Minor Destruction, Lesser Servant of Makhleb, Major Destruction, Greater
Servant of Makhleb, Renounce Religion


You were on level 5 of the Lair of Beasts.
You worshipped Makhleb.
Makhleb was extremely pleased with you.
You were not hungry.

You visited 3 branches of the dungeon, and saw 17 of its levels.

You collected 1302 gold pieces.
You spent 219 gold pieces at shops.

Inventory:

Hand Weapons
 v - a +6 hand axe of freezing
   (You took it off a wight on level 7 of the Dungeon)
 Q - a +1 hand axe of flaming
   (You took it off an orc warrior on level 11 of the Dungeon)
 R - a +0 battleaxe of venom (weapon)
   (You took it off an orc warrior on level 11 of the Dungeon)
Missiles
 d - 2 throwing nets {=f, !d}
Armour
 c - a +2 hat (worn)
 e - a +0 pair of boots (worn)
   (You found it on level 1 of the Dungeon)
 u - a +0 plate armour (worn)
   (You found it on level 2 of the Dungeon)
 x - a +2 chain mail of cold resistance
   (You took it off an orc on level 4 of the Dungeon)
 E - a +2 cloak (worn)
   (You bought it in a shop on level 9 of the Dungeon)
 F - a cursed +0 pair of gloves (worn)
   (You bought it in a shop on level 9 of the Dungeon)
Jewellery
 G - a +3 ring of evasion (right hand)
   (You found it on level 9 of the Dungeon)
 J - an uncursed ring of ice {rC+, rF-}
   (You found it on level 10 of the Dungeon)
 M - the ring "Saclaun" (left hand) {rC+ Str+4 Slay+5}
   (You found it on level 2 of the Lair of Beasts)

   [ring of slaying]

   It affects your strength (+4).
   It affects your accuracy and damage with ranged weapons and melee attacks
   (+5).
   It protects you from cold.
 N - an uncursed ring of ice {rC+, rF-}
   (You took it off Fannar on level 11 of the Dungeon)
 O - an uncursed ring of protection from fire {rF+, !d}
   (You found it on level 4 of the Lair of Beasts)
 T - a +5 ring of strength
   (You found it on level 1 of the Lair of Beasts)
Wands
 a - a wand of acid (12)
   (You found it on level 4 of the Lair of Beasts)
 g - a wand of clouds (5)
   (You found it on level 3 of the Lair of Beasts)
 y - a wand of disintegration (8) {@e1}
   (You found it on level 7 of the Dungeon)
 z - a wand of iceblast (26)
   (You found it on level 7 of the Dungeon)
 B - a wand of scattershot (15)
   (You found it on level 2 of the Lair of Beasts)
 C - a wand of flame (71)
   (You found it on level 9 of the Dungeon)
 D - a wand of digging (16)
   (You found it on level 8 of the Dungeon)
 H - a wand of enslavement (24)
   (You found it on level 9 of the Dungeon)
 K - a wand of polymorph (11)
   (You found it on level 10 of the Dungeon)
 P - a wand of random effects (57)
   (You found it on level 11 of the Dungeon)
Scrolls
 i - a scroll of fear
 l - a scroll of amnesia
 n - 8 scrolls of teleportation
 o - a scroll of enchant weapon
 p - 6 scrolls of remove curse
 s - 7 scrolls of identify
 I - a scroll of blinking {!r}
Potions
 b - 3 potions of brilliance
 h - a potion of mutation {unknown}
 j - 4 potions of invisibility
 k - 4 potions of agility
 m - 3 potions of heal wounds
 q - 2 potions of lignification {!q}
 r - a potion of flight {unknown}
 t - 3 potions of cancellation
 w - 3 potions of might
 A - 4 potions of curing
 L - a potion of magic
 U - a potion of haste {unknown}
Comestibles
 f - 27 rations {@e1}
 S - 22 chunks of flesh {@w0}


   Skills:
 + Level 15.4(15.0) Fighting
 + Level 15.1(14.7) Axes
 - Level 2.0(1.7) Throwing
 - Level 11.2(10.8) Armour
 + Level 5.8(5.4) Dodging
 - Level 9.5(9.1) Invocations


You had 12 spell levels left.
You didn't know any spells.
Your spell library contained the following spells:

 Spells                   Type           Power        Failure   Level  Hunger
 Magic Dart               Conj           #...         99%         1    ##.....
 Conjure Flame            Conj/Fire      #.......     100%        3    ####...
 Slow                     Hex            #.......     100%        2    ###....
 Confuse                  Hex            #.......     100%        3    ####...
 Invisibility             Hex            #.......     100%        6    #######
 Mephitic Cloud           Conj/Pois/Air  #.......     100%        3    ####...
 Blink                    Tloc           N/A          100%        2    ###....
 Call Imp                 Summ           #.......     100%        2    ###....
 Tukima's Dance           Hex            #.......     100%        3    ####...
 Swiftness                Chrm/Air       #.......     100%        2    ###....
 Passwall                 Tmut/Erth      #.......     100%        2    ###....
 Ensorcelled Hibernation  Hex/Ice        #.....       100%        2    ###....
 Corona                   Hex            #......      99%         1    ##.....
 Lee's Rapid Deconstruct  Erth           #.........   100%        5    ######.
 Passage of Golubria      Tloc           N/A          100%        4    #####..
 Darkness                 Hex            #.........   100%        6    #######
 Dazzling Spray           Conj/Hex       #.....       100%        3    ####...


Dungeon Overview and Level Annotations

Branches:
Dungeon (11/15)            Temple (1/1) D:6            Lair (5/6) D:11
 Shoals (0/4) Lair:4        Snake (0/4) Lair:3          Orc (0/2) D:9
  Slime: Lair:5-6

Altars:
Ashenzari
Cheibriados
Dithmenos
Elyvilon
Fedhas
Gozag
Hepliaklqana
Kikubaaqudgha
Makhleb
Nemelex Xobeh
Okawaru
Qazlal
Ru
Sif Muna
Trog
Uskayaw
Vehumet
Wu Jian
Xom
Yredelemnul
Zin
Beogh

Shops:
D:5 (   D:6 }   D:9 !:[[[

Annotations:
D:11 1 runed door, zeram's ghost, journeyman GnEn
Lair:1 1 runed door, nemr118's ghost, journeyman DgCj


Innate Abilities, Weirdness & Mutations

You reflexively headbutt those who attack you in melee.
You have a pair of horns on your head.


Message History

The entropic weave corrodes you!
A worker ant comes into view.
The soldier ant stings you but does no damage.
The entropy weaver barely misses you. You furiously retaliate!
You headbutt the entropy weaver, but do no damage.
The entropy weaver closely misses you. The entropy weaver hits you. x2
You take 7 damage, and have 117/126 hp.
You slash the entropy weaver!
The entropy weaver looks as sick as possible!
You hit the soldier ant. You barely miss the soldier ant.
The soldier ant stings you. x2
You are more poisoned.
The soldier ant poisons you!
The entropy weaver hits you but does no damage. x2
The entropy weaver hits you. The entropy weaver barely misses you.
You take 10 damage, and have 107/126 hp.
You hit the entropy weaver.
The entropy weaver looks as sick as possible!
You hit the soldier ant.
The soldier ant is poisoned.
You slash the soldier ant!
The soldier ant is poisoned.
You feel sick.
The soldier ant waves its antennae.
The soldier ant stings you.
You are more poisoned.
The soldier ant poisons you!
The soldier ant stings you but does no damage.
The entropy weaver hits you but does no damage.
The entropy weaver barely misses you.
The entropy weaver completely misses you.
The entropy weaver hits you!
A soldier ant comes into view.
You take 16 damage, and have 91/126 hp.
You closely miss the entropy weaver.
You headbutt the entropy weaver, but do no damage.
You hit the soldier ant.
The soldier ant looks as sick as possible!
You hit the soldier ant but do no damage.
You feel very sick.
The entropy weaver mumbles some strange words.
The entropic weave corrodes you! The soldier ant barely misses you.
The soldier ant stings you.
A worker ant comes into view.
You take 9 damage, and have 82/126 hp.
The worker ant twitches its antennae in your direction.
You slash the entropy weaver! You slash the hell rat!
The hell rat is poisoned.
You slash the soldier ant!
You kill the soldier ant!
Makhleb accepts your kill.
You feel better.
You slash the soldier ant!
The soldier ant looks as sick as possible!
You feel very sick.
You kill the soldier ant!
Makhleb accepts your kill.
You feel better. The hell rat bites you!
You feel drained.
The entropy weaver casts a spell.
The entropic weave corrodes you!
A yak comes into view.
The hell rat closely misses you.
You take 3 damage, and have 79/126 hp.
The yak bellows!
You hit the entropy weaver.
You hit the soldier ant but do no damage.
The soldier ant is poisoned.
You slash the hell rat!
The hell rat looks as sick as possible!
You feel very sick.
You kill the hell rat!
You feel better. The entropy weaver closely misses you.
The entropy weaver hits you!
The entropy weaver hits you but does no damage.
The entropy weaver hits you.
A yak comes into view.
A soldier ant comes into view.
The entropy weaver hits you. The entropy weaver closely misses you.
The entropy weaver barely misses you. x2; The soldier ant closely misses you.
A worker ant comes into view.
You take 17 damage, and have 62/126 hp.
You closely miss the entropy weaver.
The yak bellows!
You hit the soldier ant.
You feel sick.
The entropy weaver gestures wildly while chanting.
The entropic weave corrodes you! The soldier ant misses you.
You furiously retaliate!
You headbutt the soldier ant!
You take 2 damage, and have 60/126 hp.
You hit the entropy weaver but do no damage.
The entropy weaver looks as sick as possible!
You headbutt the entropy weaver, but do no damage.
You closely miss the soldier ant.
You feel very sick. The entropy weaver closely misses you.
The entropy weaver hits you! x2
The entropy weaver barely misses you. The soldier ant completely misses you.
You take 22 damage, and have 38/126 hp.
Your plate armour prevents you from hitting the entropy weaver.
You barely miss the soldier ant.
You feel sick.
You kill the soldier ant!
Makhleb accepts your kill. The entropy weaver hits you!
* * * LOW HITPOINT WARNING * * *
The entropy weaver hits you!
* * * LOW HITPOINT WARNING * * *
The entropy weaver misses you. The entropy weaver hits you!
You die...

###.....# ........ ##.
.# #.....!##..# #Y.
#......##.# #a##.
.####.........##Y#Y.#
...#P...#P....#raaa.
..........!.....ar#..
.....##.......##a#a#
......##...#....@r#
....P..##....†.††#....#
.....###...#.#....##....
......###..P.....#.....#
..................#..# .
.................#.##.#
.................### #
................#.
##†...............


You could see an entropy weaver, 3 yaks, 3 soldier ants, 3 hell rats and 2
worker ants.

Vanquished Creatures
  Fannar (D:11)
  3 hydras
  Harold (Lair:2)
  2 two-headed ogres
  A death yak (D:11)
  An unseen horror (D:11)
  An ugly thing (D:11)
  A deep elf mage (D:9)
  A cyclops (D:11)
  4 elephants (Lair:5)
  Joseph (D:7)
  4 black mambas
  A gargoyle (D:10)
  A merfolk siren (Lair:4)
  3 spiny frogs
  5 rime drakes
  3 komodo dragons
  A troll (D:10)
  A hornet (D:10)
  8 polar bears (D:11)
  5 hippogriffs
  3 centaur simulacra (D:11)
  2 wyverns
  39 yaks
  2 hungry ghosts
  Grum (Lair:1)
  3 basilisks
  Menkaure (D:6)
  3 wargs (D:11)
  6 water moccasins
  4 soldier ants (Lair:5)
  11 orc warriors
  A sky beast (D:11)
  6 ice beasts
  6 porcupines
  2 black bears
  A swamp drake (D:9)
  4 phantoms
  A necrophage (D:8)
  An eye of draining (D:10)
  2 wolves (Lair:1)
  8 ogres
  6 centaurs
  9 crocodiles
  A big kobold (D:11)
  10 bullfrogs
  4 scorpions
  A water moccasin zombie (D:8)
  A water moccasin skeleton (D:4)
  13 killer bees
  10 wights
  An electric eel (D:11)
  4 howler monkeys
  A hound (D:4)
  A bullfrog zombie (D:5)
  6 crimson imps
  A centaur zombie (D:8)
  6 jellies
  12 orc priests
  A bullfrog skeleton (D:5)
  2 centaur skeletons
  21 worker ants
  2 iguanas (D:7)
  12 orc wizards
  2 hell rats (Lair:5)
  Terence (D:2)
  2 bullfrog simulacra (D:11)
  A hound skeleton (D:7)
  2 mummies (D:8)
  2 worker ant zombies (D:8)
  7 gnolls
  7 adders
  5 white imps (D:11)
  A worker ant simulacrum (D:11)
  2 oozes (D:2)
  2 adder skeletons
  2 adder zombies
  2 worms
  3 dart slugs (D:1)
  9 leopard geckos
  70 orcs
  3 ball pythons
  8 bats
  4 giant cockroaches
  2 goblins
  6 hobgoblins
  18 jackals
  7 kobolds
  4 quokkas
  5 frilled lizards
  A jackal zombie (D:6)
  A quokka skeleton (D:4)
  9 rats
469 creatures vanquished.

Vanquished Creatures (others)
  A plant (D:11)
1 creature vanquished.

Grand Total: 470 creatures vanquished

Notes
Turn   | Place    | Note
-------+----------+-------------------------------------------
     0 | D:1      | Firecrotchwizard the Minotaur Gladiator began the quest for the Orb.
     0 | D:1      | Reached XP level 1. HP: 18/18 MP: 0/0
    84 | D:1      | Reached skill level 4 in Axes
   111 | D:1      | Reached XP level 2. HP: 20/25 MP: 1/1
   358 | D:1      | Reached skill level 3 in Fighting
   637 | D:1      | Reached XP level 3. HP: 29/31 MP: 2/2
  1266 | D:2      | Reached skill level 5 in Axes
  1391 | D:2      | Noticed Terence
  1399 | D:2      | Killed Terence
  1399 | D:2      | Reached XP level 4. HP: 25/40 MP: 3/3
  2086 | D:3      | Found a faded altar of an unknown god.
  2107 | D:3      | Reached skill level 4 in Fighting
  2111 | D:3      | Found an ornate altar of the Wu Jian Council.
  2288 | D:3      | Reached skill level 6 in Axes
  2321 | D:3      | Reached XP level 5. HP: 46/46 MP: 4/4
  2512 | D:3      | Found an opulent altar of Gozag.
  2850 | D:3      | Found a hide-covered altar of Uskayaw.
  3005 | D:4      | Reached skill level 7 in Axes
  3061 | D:4      | Reached XP level 6. HP: 47/53 MP: 5/5
  3108 | D:4      | Found an iron altar of Okawaru.
  3125 | D:4      | Found a hazy altar of Hepliaklqana.
  3293 | D:4      | Reached skill level 5 in Fighting
  3341 | D:4      | Reached skill level 8 in Axes
  3388 | D:4      | Found a glowing silver altar of Zin.
  3417 | D:4      | Reached XP level 7. HP: 55/61 MP: 6/6
  3625 | D:5      | Entered Level 5 of the Dungeon
  3726 | D:5      | Reached skill level 6 in Fighting
  3814 | D:5      | Reached skill level 9 in Axes
  3825 | D:5      | Found a sacrificial altar of Ru.
  3873 | D:5      | HP: 15/63 [ogre/giant spiked club (20)]
  4323 | D:5      | Found a deep blue altar of Sif Muna.
  4335 | D:5      | Reached XP level 8. HP: 69/71 MP: 7/7
  4402 | D:5      | Found Yhufrad's Weapon Boutique.
  4587 | D:6      | Found a staircase to the Ecumenical Temple.
  4593 | D:6      | Noticed Menkaure
  4614 | D:6      | HP: 17/71 [Menkaure (8)]
  4616 | D:6      | Killed Menkaure
  4616 | D:6      | Reached skill level 7 in Fighting
  4616 | D:6      | Reached skill level 10 in Axes
  4911 | Temple   | Entered the Ecumenical Temple
  4962 | Temple   | Became a worshipper of Makhleb the Destroyer
  5099 | D:6      | Found an opulent altar of Gozag.
  5439 | D:6      | Found Barerch's Gadget Shop.
  5539 | D:6      | Reached skill level 11 in Axes
  5642 | D:6      | Reached skill level 8 in Fighting
  5647 | D:6      | HP: 18/74 [orc wizard/magic dart (7)]
  5647 | D:6      | HP: 8/74 [acid (9)]
  5657 | D:6      | HP: 9/74 [orc wizard/dagger (1)]
  5658 | D:6      | HP: 4/74 [orc wizard/magic dart (6)]
  6305 | D:7      | Reached XP level 9. HP: 78/82 MP: 8/8
  6427 | D:7      | Reached skill level 12 in Axes
  6516 | D:7      | Noticed Joseph
  6531 | D:7      | Killed Joseph
  6531 | D:7      | Reached skill level 9 in Fighting
  6550 | D:7      | Reached * piety under Makhleb
  7282 | D:8      | Reached skill level 13 in Axes
  7329 | D:8      | Reached skill level 10 in Fighting
  7346 | D:8      | Found a sparkling altar of Nemelex Xobeh.
  7384 | D:8      | Noticed a two-headed ogre
  7416 | D:8      | Reached XP level 10. HP: 78/93 MP: 9/9
  7449 | D:8      | Killed a two-headed ogre
  7449 | D:8      | Reached skill level 14 in Axes
  7468 | D:8      | Reached ** piety under Makhleb
  7539 | D:8      | Reached skill level 1 in Armour
  7562 | D:8      | Reached skill level 1 in Invocations
  7687 | D:8      | Reached skill level 2 in Armour
  7699 | D:8      | Reached skill level 2 in Invocations
  7702 | D:8      | Reached skill level 11 in Fighting
  7706 | D:8      | Reached skill level 3 in Armour
  7874 | D:8      | Reached skill level 3 in Invocations
  7967 | D:8      | Found a blossoming altar of Fedhas.
  8057 | D:9      | Found Hapi's Armour Emporium.
  8100 | D:9      | Bought a +2 cloak for 198 gold pieces
  8135 | D:9      | Reached skill level 4 in Armour
  8142 | D:9      | Noticed a two-headed ogre
  8151 | D:9      | Killed a two-headed ogre
  8181 | D:9      | Found Jiykkile's Armour Shoppe.
  8184 | D:9      | Bought a cursed +0 pair of gloves for 21 gold pieces
  8222 | D:9      | Reached skill level 4 in Invocations
  8354 | D:9      | Found Fix Hivy's Armour Shoppe.
  8465 | D:9      | Noticed a deep elf mage
  8479 | D:9      | Killed a deep elf mage
  8479 | D:9      | Reached skill level 5 in Armour
  8514 | D:9      | Found Robamuiq's Distillery.
  8800 | D:9      | Reached XP level 11. HP: 103/103 MP: 13/13
  8806 | D:9      | Found a staircase to the Orcish Mines.
  9101 | D:9      | Found Vuluter's Book Boutique.
  9166 | D:10     | Entered Level 10 of the Dungeon
  9174 | D:10     | Got a twisted leather armour
  9354 | D:10     | Reached *** piety under Makhleb
  9707 | D:10     | Reached skill level 12 in Fighting
  9797 | D:10     | Reached skill level 6 in Armour
  9822 | D:10     | Reached skill level 5 in Invocations
 10168 | D:10     | Reached skill level 7 in Armour
 10446 | D:10     | Paralysed by a hornet for 1 turns
 10532 | D:11     | Reached skill level 6 in Invocations
 10537 | D:11     | Reached **** piety under Makhleb
 10614 | D:11     | Reached skill level 8 in Armour
 10631 | D:11     | Reached skill level 13 in Fighting
 10639 | D:11     | Found a staircase to the Lair.
 10751 | D:11     | Reached skill level 7 in Invocations
 10755 | D:11     | Noticed a cyan ugly thing
 10766 | D:11     | Killed a cyan ugly thing
 11010 | D:11     | Reached XP level 12. HP: 114/114 MP: 16/16
 11101 | D:11     | Reached ***** piety under Makhleb
 11133 | D:11     | Reached skill level 9 in Armour
 11159 | D:11     | Found a runed door.
 11159 | D:11     | Noticed zeram's ghost (journeyman GnEn)
 11167 | D:11     | Noticed Fannar
 11197 | D:11     | Killed Fannar
 11372 | D:11     | Reached skill level 8 in Invocations
 11377 | D:11     | HP: 26/115 [polar bear (9)]
 11383 | D:11     | HP: 27/115 [polar bear (6)]
 11388 | D:11     | HP: 27/115 [poisoned by a killer bee]
 11391 | D:11     | HP: 12/115 [polar bear (15)]
 11888 | D:11     | Noticed a death yak
 11908 | D:11     | Killed a death yak
 11914 | D:11     | Reached skill level 14 in Fighting
 11914 | D:11     | Reached skill level 10 in Armour
 12168 | D:11     | Found a roughly hewn altar of Beogh.
 12569 | Lair:1   | Entered Level 1 of the Lair of Beasts
 12587 | Lair:1   | Noticed Grum
 12595 | Lair:1   | Killed Grum
 12709 | Lair:1   | Got a faintly glowing leather armour
 12712 | Lair:1   | Found a runed door.
 12715 | Lair:1   | Noticed nemr118's ghost (journeyman DgCj)
 12883 | Lair:1   | Noticed a seven-headed hydra
 12893 | Lair:1   | Killed a one-headed hydra
 12893 | Lair:1   | Reached skill level 9 in Invocations
 13493 | Lair:1   | Reached skill level 11 in Armour
 13939 | Lair:2   | Noticed Harold
 13964 | Lair:2   | Killed Harold
 14158 | Lair:2   | Reached XP level 13. HP: 124/124 MP: 19/19
 14397 | Lair:2   | Got a transparent turquoise ring
 14568 | Lair:2   | You fall through a shaft!
 14569 | Lair:3   | Identified the ring "Saclaun" {rC+ Str+4 Slay+5} (You found it on level 2 of the Lair of Beasts)
 14770 | Lair:3   | Found a staircase to the Snake Pit.
 14843 | Lair:3   | Reached skill level 4 in Dodging
 15876 | Lair:4   | Reached skill level 15 in Fighting
 16037 | Lair:4   | Found a staircase to the Shoals.
 16269 | Lair:5   | Reached skill level 5 in Dodging
 16312 | Lair:5   | Reached skill level 15 in Axes
 16358 | Lair:5   | Noticed an entropy weaver
 16374 | Lair:5   | HP: 29/126 [entropy weaver (7)]
 16374 | Lair:5   | HP: 13/126 [entropy weaver (16)]
 16374 | Lair:5   | Slain by an entropy weaver

Vault maps used:
D:1:      eino_arrival_druids_welcome
D:2:      uniq_terence
D:3:      nicolae_overflow_hidden_temple, marbit_many_paths,
          chequers_ecumenical_altar_simple_redux, st_stairs_7,
          lightli_corner_chamber
D:4:      okawaru_metal_pillars_1_2, overflow_temple_1_default, kennysheep_mini
D:5:      old_standard_altar, lemuel_round_altar, first_ration, serial_shops,
          kennysheep_little_box
D:6:      kennysheep_spiral_hall, temple_pool_b, basic_altar, serial_shops,
          shop, grunt_decor_arrowhead, uniq_menkaure
D:7:      uniq_joseph
D:8:      old_standard_altar, kennysheep_mini_moat, serial_undead,
          serial_undead_c, serial_undead_f, serial_undead_e, serial_undead_f
D:9:      erik_orc_1, serial_shops, shop, shop_fountains,
          nicolae_shop_behind_doors, nicolae_shop_behind_doors, shop_statue
D:11:     erik_lair_orcish_takeover, ebering_ghost_reflecting_pool, serial_ice,
          serial_ice_h, serial_ice_f, serial_ice_o, serial_ice_n, serial_ice_b,
          serial_ice_c, serial_ice_g, serial_ice_a, serial_ice_e, serial_ice_j,
          special_room, uniq_fannar
Temple:   nicolae_temple_hex_pool
Lair:1:   ebering_ghost_inner_flame, hangedman_lair_unloving_vines,
          serial_bayou_shore_b, uniq_grum
Lair:2:   uniq_harold
Lair:3:   dummy_snake_entry
Lair:4:   minmay_shoals_entry_lonely_mermaid
Lair:5:   portal_ice_cave_demonic_guard, minmay_another_anthill

Skill      XL: |  1  2  3  4  5  6  7  8  9 10 11 12 13 |
---------------+----------------------------------------+-----
Axes           | 4 5 6 7 8 9 11 13 14 15 | 15.1
Fighting       | 3 4 5 6 8 10 11 13 14 15 | 15.4
Armour         | 5 8 11 | 11.2
Invocations    | 4 7 9 |  9.5
Dodging        | 5 |  5.8
Throwing       | |  2.0

Action                   |  1- 3 |  4- 6 |  7- 9 | 10-12 | 13-15 || total
-------------------------+-------+-------+-------+-------+-------++-------
Melee: War axe           |    45 |       |   136 |       |       ||   181
       Headbutt          |    13 |    21 |    61 |   198 |    30 ||   323
       Halberd           |    12 |   172 |    59 |       |       ||   243
       Hand axe          |       |       |   105 |   819 |    29 ||   953
       Battleaxe         |       |       |       |       |    94 ||    94
Throw: Throwing net      |       |       |     3 |       |       ||     3
Invok: Major Destruction |       |       |       |     3 |     2 ||     5
Evoke: Wand              |       |       |       |    10 |       ||    10
  Use: Scroll            |       |       |    12 |     7 |     6 ||    25
 Stab: Held in net/web   |       |       |     1 |       |       ||     1
  Eat: Chunk             |     1 |     7 |    11 |    23 |     7 ||    49
       Ration            |       |       |     1 |       |       ||     1
Armor: Leather armour    |    16 |       |       |       |       ||    16
       Scale mail        |       |    73 |    13 |       |       ||    86
       Chain mail        |       |       |   147 |   350 |     3 ||   500
       Plate armour      |       |       |       |       |    83 ||    83
Dodge: Dodged            |    35 |    77 |   100 |   247 |    97 ||   556

Table legend:
 A = Spawn XP
 B = Non-spawn XP
 C = Spawn XP percentage of total XP
 D = Spawn monster count
 E = Non-spawn monster count
 F = Spawn count percentage of total count
 G = Total turns spent on level
                    A         B        C        D         E        F      G
               +---------+---------+-------+---------+---------+-------+---------
         Total |       0 |   49202 |   0.0 |       0 |     469 |   0.0 | 16374
               +---------+---------+-------+---------+---------+-------+---------
           D:1 |       0 |      45 |   0.0 |       0 |      20 |   0.0 |  1080
           D:2 |       0 |     114 |   0.0 |       0 |      22 |   0.0 |   986
           D:3 |       0 |     103 |   0.0 |       0 |      27 |   0.0 |   858
           D:4 |       0 |     537 |   0.0 |       0 |      35 |   0.0 |   765
           D:5 |       0 |     656 |   0.0 |       0 |      25 |   0.0 |  1083
           D:6 |       0 |    1182 |   0.0 |       0 |      20 |   0.0 |  1374
           D:7 |       0 |    1484 |   0.0 |       0 |      25 |   0.0 |  1037
           D:8 |       0 |    4667 |   0.0 |       0 |      39 |   0.0 |   778
           D:9 |       0 |    2585 |   0.0 |       0 |      31 |   0.0 |  1112
          D:10 |       0 |    4857 |   0.0 |       0 |      42 |   0.0 |  1345
          D:11 |       0 |   13722 |   0.0 |       0 |     102 |   0.0 |  2058
        Lair:1 |       0 |    4964 |   0.0 |       0 |      21 |   0.0 |  1235
        Lair:2 |       0 |    3619 |   0.0 |       0 |      14 |   0.0 |   888
        Lair:3 |       0 |    2076 |   0.0 |       0 |      10 |   0.0 |   836
        Lair:4 |       0 |    1838 |   0.0 |       0 |       6 |   0.0 |   706
        Lair:5 |       0 |    6753 |   0.0 |       0 |      30 |   0.0 |   140
               +---------+---------+-------+---------+---------+-------+---------

Vault maps used:
D:1:      eino_arrival_druids_welcome
D:2:      uniq_terence
D:3:      nicolae_overflow_hidden_temple, marbit_many_paths,
          chequers_ecumenical_altar_simple_redux, st_stairs_7,
          lightli_corner_chamber
D:4:      okawaru_metal_pillars_1_2, overflow_temple_1_default, kennysheep_mini
D:5:      old_standard_altar, lemuel_round_altar, first_ration, serial_shops,
          kennysheep_little_box
D:6:      kennysheep_spiral_hall, temple_pool_b, basic_altar, serial_shops,
          shop, grunt_decor_arrowhead, uniq_menkaure
D:7:      uniq_joseph
D:8:      old_standard_altar, kennysheep_mini_moat, serial_undead,
          serial_undead_c, serial_undead_f, serial_undead_e, serial_undead_f
D:9:      erik_orc_1, serial_shops, shop, shop_fountains,
          nicolae_shop_behind_doors, nicolae_shop_behind_doors, shop_statue
D:11:     erik_lair_orcish_takeover, ebering_ghost_reflecting_pool, serial_ice,
          serial_ice_h, serial_ice_f, serial_ice_o, serial_ice_n, serial_ice_b,
          serial_ice_c, serial_ice_g, serial_ice_a, serial_ice_e, serial_ice_j,
          special_room, uniq_fannar
Temple:   nicolae_temple_hex_pool
Lair:1:   ebering_ghost_inner_flame, hangedman_lair_unloving_vines,
          serial_bayou_shore_b, uniq_grum
Lair:2:   uniq_harold
Lair:3:   dummy_snake_entry
Lair:4:   minmay_shoals_entry_lonely_mermaid
Lair:5:   portal_ice_cave_demonic_guard, minmay_another_anthill

Table legend:
 A = Turns spent in this place as a percentage of turns spent in the entire game.
 B = Non-inter-level travel turns spent in this place as a percentage of non-inter-level travel turns spent in the entire game.
 C = Inter-level travel turns spent in this place as a percentage of turns spent in this place.
 D = Turns resting spent in this place as a percentage of non-inter-level travel turns spent in this place.
 E = Turns spent auto-exploring this place as a percentage of non-inter-level travel turns spent in this place.
 F = Non-inter-level travel turns spent in this place divided by the number of levels of this place that you've seen.
                   A       B       C       D       E      F
               +-------+-------+-------+-------+-------+----------------------
         Total | 100.0 | 100.0 |   4.0 |  24.9 |  56.6 | 925.0
       Dungeon |  76.2 |  76.2 |   4.0 |  28.9 |  51.2 | 1088.9
        Temple |   0.6 |   0.3 |  44.1 |   0.0 |  94.2 |  52.0
          Lair |  23.2 |  23.5 |   2.9 |  12.3 |  73.3 | 739.0
               +-------+-------+-------+-------+-------+----------------------

Table legend:
 A = Kills in this place as a percentage of kills in entire the game.
 B = Kills by you in this place as a percentage of kills by you in the entire game.
 C = Kills by friends in this place as a percentage of kills by friends in the entire game.
 D = Other kills in this place as a percentage of other kills in the entire game.
 E = Experience gained in this place as a percentage of experience gained in the entire game.
 F = Experience gained in this place divided by the number of levels of this place that you have seen.
                   A       B       C       D       E      F
               +-------+-------+-------+-------+-------+----------------------
         Total | 100.0 | 100.0 |   N/A |   N/A | 100.0 | 2894.2
       Dungeon |  82.7 |  82.7 |   N/A |   N/A |  60.9 | 2722.9
          Lair |  17.3 |  17.3 |   N/A |   N/A |  39.1 | 3850.0
               +-------+-------+-------+-------+-------+----------------------
